 Dungeon Crawl Stone Soup version 0.31.0-11-ge490571c62 (webtiles) character file.

Game seed: 17579045954162496359

7293 CougarLife the Severer (level 10, -6/89 HPs)
             Began as a Minotaur Berserker on Jan 30, 2024.
             Was an Elder of Trog.
             Mangled by a hornet (11 damage)
             ... on level 9 of the Dungeon.
             The game lasted 00:12:59 (8587 turns).

CougarLife the Severer (Minotaur Berserker)         Turns: 8587, Time: 00:13:00

Health: -6/89      AC: 14    Str: 30    XL:     10   Next: 89%
Magic:  9/9        EV: 10    Int:  6    God:    Trog [****..]
Gold:   539        SH:  0    Dex: 10    Spells: 9/9 levels left

rFire   . . .        H - +0 broad axe
rCold   . . .        (no shield)
rNeg    . . .        m - +0 plate armour
rPois   .            (helmet restricted)
rElec   .            (no cloak)
rCorr   .            F - +0 pair of gloves
SInv    .            (no boots)
Will    .....        u - amulet of the acrobat Stlth
                     C - +6 ring of strength
HPRegen 0.34/turn    (no ring)
MPRegen 0.11/turn

%: acrobat
@: lethally poisoned (-6 -> -13), slowed, very slow
A: horns 2, retaliatory headbutt
a: Renounce Religion, Berserk, Trog's Hand, Brothers in Arms


You were on level 9 of the Dungeon.
You worshipped Trog.
Trog was greatly pleased with you.
You visited 2 branches of the dungeon, and saw 10 of its levels.
You also visited: Bailey.

You collected 559 gold pieces.
You spent 20 gold pieces at shops.

Inventory:

Hand Weapons
 H - a +0 broad axe (weapon)
Missiles
 n - 6 javelins
 p - 5 poisoned darts
 G - 3 boomerangs (quivered)
 L - 2 curare-tipped darts
Armour
 m - a +0 plate armour (worn)
 F - a +0 pair of gloves (worn)
Jewellery
 u - an amulet of the acrobat (around neck)
 z - a ring of ice
 C - a +6 ring of strength (left hand)
 E - a ring of protection from fire
Wands
 B - a wand of acid (9)
 D - a wand of mindburst (22)
 N - a wand of polymorph (9)
 O - a wand of paralysis (8)
Scrolls
 b - 3 scrolls of revelation
 d - 5 scrolls of fog
 e - 5 scrolls of immolation
 f - 2 scrolls of noise
 g - 2 scrolls of fear
 h - 5 scrolls of blinking
 j - 4 scrolls of teleportation
 o - a scroll of enchant weapon
 v - a scroll of poison
 y - a scroll of torment
 A - a scroll of butterflies
 I - 2 scrolls of silence
 M - a scroll of identify
Potions
 a - 3 potions of brilliance {unknown}
 c - a potion of mutation {unknown}
 i - 3 potions of degeneration
 k - a potion of resistance {unknown}
 l - a potion of cancellation {unknown}
 q - 4 potions of heal wounds
 r - a potion of might {unknown}
 s - a potion of ambrosia {unknown}
 t - 4 potions of haste {unknown}
 w - a potion of curing {unknown}
 x - a potion of berserk rage {unknown}
 J - a potion of invisibility {unknown}
 K - a potion of experience {unknown}


   Skills:
 + Level 8.3 Fighting
 - Level 15.3 Axes
 * Level 7.2 Armour
 - Level 8.0 Dodging


You had 9 spell levels left.
You didn't know any spells.
Your spell library was empty.

Dungeon Overview and Level Annotations

Branches:
Dungeon (9/15)             Temple (1/1) D:5            Lair (0/5) D:8
 Bailey (visited)
    Orc: D:9-12

Altars:
Ashenzari
Cheibriados
Dithmenos
Fedhas
Gozag
Hepliaklqana
Kikubaaqudgha
Makhleb
Okawaru
Qazlal
Ru
Sif Muna
Trog
Uskayaw
Vehumet
Wu Jian
Xom
Yredelemnul
Zin
The Shining One

Shops:
D:4 =   D:8 *!

Annotations:
D:3 exclusion: statue
Temple 2 transporters


Innate Abilities, Weirdness & Mutations

You have a pair of horns on your head.
You reflexively headbutt those who attack you in melee.


Message History

The hornet is lightly wounded.
You feel sick. The hornet closely misses you. You furiously retaliate!
You headbutt the hornet. The hornet stings you!
You are more poisoned.
You feel yourself slow down.
You barely miss the hornet. Your headbutt misses the hornet.
The hornet is lightly wounded.
You feel very sick. The gnoll hits you but does no damage.
The hornet stings you.
You feel as though you will be slow longer.
The gnoll hits you from afar with a +0 spear.
You feel very sick. The hornet attacks as it pursues you!
The hornet misses you. You furiously retaliate!
You headbutt the hornet! The hornet misses you.
The gnoll completely misses you. The hornet misses you.
Things that are here:
a +0 short sword; 2 stones You feel very sick.
The hornet stings you but does no damage.
The gnoll completely misses you.
You feel sick. The hornet attacks as it pursues you! The hornet stings you!
* * * LOW HITPOINT WARNING * * *
You feel as though you will be slow longer.
The gnoll attacks as it pursues you! The gnoll hits you but does no damage.
The hornet completely misses you. 2 yaks come into view.
You feel sick.
The yak bellows! x2
The hornet attacks as it pursues you! The hornet stings you!
* * * LOW HITPOINT WARNING * * *
You are lethally poisoned!
You feel as though you will be slow longer.
The hornet closely misses you. The gnoll completely misses you.
A yak comes into view.
There is a stone staircase leading up, spattered with blood here.
* * * LOW HITPOINT WARNING * * *
You feel very sick.
The yak bellows!
The hornet stings you!
You die...

..# #..# #####
....# #.#.## ..
.....###....##..
................
....<...........
.......$......#
.......@......#
##.....y...#..#
##.Y##gY..# #.
#..)..# .Y
##))).#
.Y.....))...#
...........##
..........#
...........


You could see 4 yaks, a hornet and a gnoll.

Vanquished Creatures
  2 vault guards (Bailey)
  Amaemon (D:8)
  An orange demon (D:8)
  Jeremiah (D:7)
  Prince Ribbit (Bailey)
  Sigmund (D:3)
  A wyvern (D:8)
  6 humans (Bailey)
  A steam dragon (D:8)
  Edmund (D:6)
  The ghost of DoNotCum the Magician, an amateur DEEE (D:4)
  Duvessa (D:5)
  2 water moccasins
  A black bear (D:5)
  A sky beast (D:7)
  3 ogres
  5 centaurs
  2 phantoms
  A kobold brigand (D:9)
  7 bullfrogs (Bailey)
  2 scorpions
  A water moccasin zombie (D:6)
  A gnoll sergeant (D:9)
  5 wights (D:8)
  Dowan (D:5)
  A howler monkey (D:7)
  A jelly (D:7)
  3 centaur zombies (D:6)
  5 hounds
  4 orc priests
  2 sleepcaps (D:6)
  An iguana (D:6)
  Natasha (thrice) (D:3)
  7 orc wizards
  A howler monkey zombie (D:6)
  3 gnolls
  A howler monkey skeleton (D:6)
  5 adders
  A shadow imp (D:5)
  A white imp (D:5)
  2 ufetubi (D:6)
  5 dart slugs
  3 ribbon worms
  20 orcs
  7 ball pythons
  6 endoplasms
  8 giant cockroaches
  6 goblins
  9 hobgoblins
  4 quokkas
  3 bats
  3 frilled lizards
  11 kobolds
  8 rats
184 creatures vanquished.

Vanquished Creatures (others)
  An orc wizard (D:7)
1 creature vanquished.

Grand Total: 185 creatures vanquished

Notes
Turn   | Place    | Note
-------+----------+-------------------------------------------
     0 | D:1      | CougarLife the Minotaur Berserker began the quest for the
                  | Orb.
     0 | D:1      | Reached XP level 1. HP: 19/19 MP: 0/0
     3 | D:1      | Noticed a naga
     3 | D:1      | Noticed a ghoul
     5 | D:1      | Noticed a vine stalker
     7 | D:1      | Noticed an armataur
     7 | D:1      | Noticed a spriggan
     9 | D:1      | Noticed a minotaur
    11 | D:1      | Noticed an octopode
    11 | D:1      | Noticed a demigod
    13 | D:1      | Noticed an elf
    13 | D:1      | Noticed a djinni
    15 | D:1      | Noticed a tengu
    15 | D:1      | Noticed a human
    17 | D:1      | Noticed a demonspawn
    17 | D:1      | Noticed a felid
    19 | D:1      | Noticed a barachi
    19 | D:1      | Noticed a vampire
    23 | D:1      | Noticed an oni
    23 | D:1      | Noticed a draconian
    25 | D:1      | Noticed a gargoyle
    25 | D:1      | Noticed a merfolk
    27 | D:1      | Noticed a troll
    27 | D:1      | Noticed a formicid
   131 | D:1      | Reached skill level 4 in Axes
   155 | D:1      | Reached XP level 2. HP: 26/27 MP: 1/1
   705 | D:1      | Reached XP level 3. HP: 32/33 MP: 2/2
  1041 | D:2      | Reached ** piety under Trog
  1341 | D:2      | Reached skill level 5 in Axes
  1978 | D:2      | Found a faded altar of an unknown god.
  2228 | D:3      | Noticed Natasha
  2233 | D:3      | Killed Natasha
  2234 | D:3      | Reached XP level 4. HP: 32/41 MP: 3/3
  2243 | D:3      | Noticed Natasha
  2248 | D:3      | Killed Natasha
  2253 | D:3      | Noticed Natasha
  2255 | D:3      | Killed Natasha
  2256 | D:3      | Reached skill level 6 in Axes
  2256 | D:3      | Reached XP level 5. HP: 38/47 MP: 4/4
  2316 | D:3      | Found an ornate altar of the Wu Jian Council.
  2374 | D:3      | Reached skill level 5 in Fighting
  2416 | D:3      | Found a blossoming altar of Fedhas.
  2539 | D:3      | Found a radiant altar of Vehumet.
  2539 | D:3      | Noticed a charred statue
  2815 | D:3      | Noticed Sigmund
  2820 | D:3      | Killed Sigmund
  2821 | D:3      | Reached skill level 7 in Axes
  2821 | D:3      | Reached XP level 6. HP: 44/57 MP: 5/5
  3041 | D:4      | Found Detyuc's Jewellery Emporium.
  3081 | D:4      | Reached *** piety under Trog
  3244 | D:4      | Reached skill level 8 in Axes
  3599 | D:4      | Found a glowing silver altar of Zin.
  3599 | D:4      | Noticed an angel
  3618 | D:4      | Identified the +0 pair of gloves of the Lonely Spirits
                  | {Fly}
  3710 | D:4      | Reached XP level 7. HP: 63/63 MP: 6/6
  3737 | D:4      | Identified the +4 dire flail of Essum {heavy, rF+ rN+
                  | Dex+3}
  3737 | D:4      | Noticed DoNotCum's ghost (amateur DEEE)
  3738 | D:4      | Found a transporter.
  3993 | D:4      | Found a transporter.
  4000 | D:4      | Killed DoNotCum's ghost
  4005 | D:4      | Reached skill level 5 in Armour
  4086 | D:5      | Entered Level 5 of the Dungeon
  4110 | D:5      | Noticed Dowan
  4112 | D:5      | Noticed Duvessa
  4119 | D:5      | Killed Duvessa
  4135 | D:5      | Killed Dowan
  4136 | D:5      | Reached XP level 8. HP: 50/73 MP: 7/7
  4249 | D:5      | Found a staircase to the Ecumenical Temple.
  4544 | D:5      | Found a burning altar of Makhleb.
  4791 | Temple   | Found a transporter.
  4791 | Temple   | Found a transporter.
  4791 | Temple   | Found a transporter.
  4791 | Temple   | Found a transporter.
  4791 | Temple   | Entered the Ecumenical Temple
  5121 | D:6      | Reached skill level 5 in Dodging
  5220 | D:6      | Reached **** piety under Trog
  5273 | D:6      | Noticed Edmund
  5299 | D:6      | Killed Edmund
  5301 | D:6      | Reached XP level 9. HP: 26/81 MP: 8/8
  5659 | D:6      | Reached skill level 9 in Axes
  5904 | D:6      | Identified the +4 morningstar "Pendulum" {heavy, Str+4
                  | Dex-4}
  6011 | D:7      | Found a hazy altar of Hepliaklqana.
  6015 | D:7      | Noticed Jeremiah
  6047 | D:7      | Killed Jeremiah
  6397 | D:7      | Found a broken altar of Ashenzari.
  6409 | D:7      | Found a flagged portal.
  6425 | Bailey   | Entered a bailey
  6444 | Bailey   | Reached skill level 10 in Axes
  6472 | Bailey   | Reached skill level 11 in Axes
  6725 | Bailey   | Reached XP level 10. HP: 85/88 MP: 9/9
  6726 | Bailey   | Reached skill level 12 in Axes
  6751 | Bailey   | Noticed a vault guard
  6763 | Bailey   | Killed a vault guard
  6764 | Bailey   | Reached skill level 13 in Axes
  6822 | Bailey   | Noticed Prince Ribbit
  6822 | Bailey   | Noticed a vault guard
  6831 | Bailey   | Killed a vault guard
  6836 | Bailey   | Killed Prince Ribbit
  7031 | D:7      | Found a shimmering blue altar of Sif Muna.
  7067 | D:7      | Reached skill level 14 in Axes
  7346 | D:8      | Found Zavo's General Store.
  7437 | D:8      | Bought a scroll of identify for 20 gold pieces
  7568 | D:8      | Noticed an orange demon
  7569 | D:8      | Noticed Amaemon
  7588 | D:8      | Killed an orange demon
  7814 | D:8      | Killed Amaemon
  7815 | D:8      | Reached skill level 15 in Axes
  8124 | D:8      | Found a hide-covered altar of Uskayaw.
  8127 | D:8      | Noticed a +0 dagger
  8127 | D:8      | Noticed a +0 dagger
  8261 | D:8      | Found a staircase to the Lair.
  8311 | D:8      | Found Xytammy's Distillery.
  8587 | D:9      | Mangled by a hornet

Illustrated notes

Levels and vault maps discovered:
D:1:      kb_arrival_jail, layout_loops_corners
D:2:      minmay_door_path, layout_basic, shapermc_ecumenical_altar_mp_vishouse,
          minmay_misc_feat_plants, roderic_lattice_a
D:3:      layout_loops_ring, vehumet_statue, fedhas_ov_isle_minmay,
          nicolae_wu_jian_immortal_techniques, uniq_natasha, uniq_sigmund
D:4:      layout_basic, zin_angel, serial_shops, nicolae_shop_statue_plus,
          gammafunk_ghost_smash
D:5:      layout_basic, lemuel_doored_altar, minmay_temple_entry_junction_2,
          uniq_duvessa
D:6:      layout_basic, serial_undead, serial_undead_d, serial_undead_f,
          serial_undead_b, serial_undead_a, chequers_avenue, uniq_edmund
D:7:      nicolae_whirlpool, layout_basic, nicolae_hepliaklqana_hazy_memory,
          mainiacjoe_overflow_alcove_2, led_sif_book, enter_bailey_2,
          minmay_misc_feat_more_columns, uniq_jeremiah
D:8:      layout_layer_cave, dancing_weapons_uskayaw, lair_entry_dummy,
          serial_shops, shop, nicolae_shop_industrial_runoff, uniq_amaemon
D:9:      layout_cave_pools, nemelex_xobeh_ov_fountains_minmay, erik_orc_1
Temple:   hellmonk_temple_divided_pantheon

Skill      XL: |  1  2  3  4  5  6  7  8  9 10 |
---------------+-------------------------------+-----
Axes           | 4 5 6 7 8 11 15 | 15.3
Fighting       | 4 5 6 7 8 |  8.3
Armour         | 6 7 |  7.2
Dodging        | 5 8 |  8.0

Action                     |  1- 3 |  4- 6 |  7- 9 | 10-12 || total
---------------------------+-------+-------+-------+-------++-------
  Melee: Hand axe          |    90 |    17 |       |       ||   107
         Headbutt          |    14 |    12 |    41 |    10 ||    77
         War axe           |       |    58 |   237 |    18 ||   313
         Punch             |       |     1 |     7 |       ||     8
         Broad axe         |       |       |       |    56 ||    56
  Throw: Boomerang         |       |       |       |     3 ||     3
 Invoke: Berserk           |       |       |     5 |     5 ||    10
         Trog's Hand       |       |       |     3 |       ||     3
    Use: Scroll            |       |       |     5 |     8 ||    13
         Potion            |       |       |     1 |       ||     1
   Stab: Sleeping          |     1 |       |       |       ||     1
 Armour: Animal skin       |    41 |    44 |       |       ||    85
         Plate armour      |       |     5 |   232 |    76 ||   313
  Dodge: Dodged            |    47 |    40 |   168 |    57 ||   312
